Punishers vs Griffins
Created - April 27, 2021 at 19:31
Goals
|
| Punishers |
2 |
2 |
4 |
8 |
| Griffins |
1 |
4 |
2 |
7 |
|
Shots
|
| Punishers |
18 |
13 |
14 |
45 |
| Griffins |
11 |
13 |
12 |
36 |
|
1st period
1. Griffins , Riley Armstrong 19 (Max Domi 41) at 12:18
2. Punishers , Radek Faksa 35 (Brett Kulak 24, Carter Ashton 28) at 12:59
3. Punishers , Zack Hamill 18 (Andreas Athanasiou 39, Joseph Cramarossa 9) at 14:13
Penalties :
Danny Kristo (Gra) for Roughing (Minor) at 15:15
2nd period
4. Griffins , Tye McGinn 46 (Dylan Larkin 61) at 3:51
5. Griffins , Dylan Larkin 46 (Max Domi 42) at 4:01 (PP)
6. Punishers , Tyler Bertuzzi 30 (Radek Faksa 56, Carter Ashton 29) at 7:08
7. Punishers , Michael Joly 3 (Joseph Cramarossa 10) at 9:00
8. Griffins , Riley Armstrong 20 (Marcus Pettersson 39, Max Domi 43) at 11:44
9. Griffins , Danny Kristo 29 (Brandon Pirri 39, Simon Despres 26) at 12:47
Penalties :
Andreas Athanasiou (Pro) for Slashing (Minor) at 3:58
3rd period
10. Punishers , Adam Pelech 7 (Zack Hamill 31, Corey Tropp 34) at 1:01 (PP)
11. Punishers , Nikita Gusev 18 (Austen Brassard 16) at 5:10
12. Punishers , Joseph Cramarossa 6 (Daniel Audette 10) at 8:17
13. Griffins , Mathew Barzal 11 (Danny Kristo 20, Marcus Pettersson 40) at 14:12
14. Griffins , Dylan Larkin 47 (Tye McGinn 63) at 14:16
15. Punishers , Radek Faksa 36 (Tyler Bertuzzi 28, Madison Bowey 36) at 18:56
Penalties :
Riley Armstrong (Gra) for Hooking (Minor) at 0:44, Riley Armstrong (Gra) for Holding Stick (Minor) at 9:03
Goalie Stats
Louis Domingue (Pro), 29 saves from 36 shots - (0.806), W, 33-22-3, 60:00 minutes
Olivier Roy (Gra), 37 saves from 45 shots - (0.822), L, 24-14-3, 59:36 minutes
Players Stats for Punishers
Player Name G A P +/- PIM S H SB GA TA FO MP PP MP PK MP
------------------------------------------------------------------------------------
Adam Pelech 1 0 1 -1 0 5 1 1 1 1 0/0 26:06 2:49 0:03
Alex Schoenborn 0 0 0 0 0 0 0 0 0 0 0/0 0:00 0:00 0:00
Andreas Athanasiou 0 1 1 -1 2 2 1 1 0 0 0/0 23:05 2:22 0:00
Anton Blidh 0 0 0 0 0 0 0 0 0 0 0/0 0:00 0:00 0:00
Austen Brassard 0 1 1 0 0 1 2 0 0 1 0/1 11:43 0:00 0:00
Austin Wagner 0 0 0 0 0 0 0 0 0 0 0/0 0:00 0:00 0:00
Ben Betker 0 0 0 1 0 1 0 1 0 0 0/0 17:49 1:26 0:00
Brett Kulak 0 1 1 1 0 2 0 2 0 1 0/0 17:49 1:26 0:00
Carter Ashton 0 2 2 1 0 2 1 0 1 0 0/0 17:34 1:53 0:00
Connor Clifton 0 0 0 0 0 0 0 0 0 0 0/0 5:11 0:00 0:00
Corey Tropp 0 1 1 -1 0 4 3 0 1 2 1/2 23:09 2:22 0:03
Daniel Audette 0 1 1 1 0 0 0 0 0 0 2/3 7:34 0:00 0:00
Fredrik Claesson 0 0 0 1 0 2 1 0 0 1 0/0 10:54 0:00 0:00
Gabriel Gagne 0 0 0 0 0 0 0 0 0 0 0/0 0:00 0:00 0:00
John Quenneville 0 0 0 0 0 2 1 0 1 0 2/3 11:43 0:00 0:00
Joseph Cramarossa 1 2 3 1 0 2 0 0 0 0 0/0 7:34 0:00 0:00
Madison Bowey 0 1 1 -1 0 0 1 2 0 1 0/0 26:06 2:49 0:03
Michael Joly 1 0 1 1 0 4 0 0 0 0 0/1 7:34 0:00 0:00
Nicolas Roy 0 0 0 0 0 0 0 0 0 0 0/0 0:00 0:00 0:00
Nikita Gusev 1 0 1 0 0 9 1 0 0 0 0/0 11:43 0:00 0:00
Niko Mikkola 0 0 0 0 0 0 0 0 0 0 0/0 5:11 0:00 0:00
Noah Juulsen 0 0 0 1 0 0 0 0 0 0 0/0 10:54 0:00 0:00
Radek Faksa 2 1 3 1 0 3 4 1 0 0 3/8 17:34 1:53 0:00
Tyler Bertuzzi 1 1 2 1 0 3 3 0 0 0 1/1 17:34 1:53 0:00
Zack Hamill 1 1 2 -1 0 3 1 0 2 0 26/46 23:09 2:22 0:03
Players Stats for Griffins
Player Name G A P +/- PIM S H SB GA TA FO MP PP MP PK MP
------------------------------------------------------------------------------------
Adam Gaudette 0 0 0 0 0 0 0 1 0 0 0/0 15:22 0:00 0:00
Ben Hanowski 0 0 0 -1 0 2 0 1 1 1 0/1 19:46 0:00 0:40
Brandon Pirri 0 1 1 0 0 0 1 0 2 0 0/2 13:06 0:00 1:15
Brendan Woods 0 0 0 0 0 0 0 0 1 1 1/1 10:52 0:00 2:32
Danny Kristo 1 1 2 0 2 4 1 0 0 0 2/3 13:26 0:00 1:25
Dylan Larkin 2 1 3 -1 0 5 2 3 0 0 19/41 20:37 0:03 0:00
Jordie Benn 0 0 0 -2 0 1 1 1 1 1 0/0 20:56 0:03 2:41
Marcus Pettersson 0 2 2 -2 0 1 1 3 0 0 0/0 19:18 0:03 0:00
Mathew Barzal 1 0 1 0 0 2 0 1 1 0 4/6 12:22 0:00 0:51
Max Domi 0 3 3 0 0 1 2 3 0 0 1/1 16:28 0:03 0:00
Phil Oreskovic 0 0 0 -1 0 1 0 0 1 1 0/0 19:00 0:00 1:34
Riley Armstrong 2 0 2 0 4 6 0 2 0 0 3/8 16:18 0:00 0:32
Rourke Chartier 0 0 0 0 0 0 1 1 0 0 0/2 7:49 0:00 0:00
Ryan Pulock 0 0 0 -1 0 3 1 0 0 1 0/0 19:00 0:00 1:34
Simon Despres 0 1 1 2 0 1 0 2 0 0 0/0 21:42 0:00 2:41
Sonny Milano 0 0 0 0 0 2 2 0 0 0 0/0 7:49 0:00 0:00
Travis Sanheim 0 0 0 2 0 1 2 2 0 0 0/0 20:04 0:00 0:00
Tye McGinn 1 1 2 -1 0 6 1 1 0 1 0/0 21:47 0:03 1:15
3 Stars
1 - Radek Faksa (Pro)
2 - Dylan Larkin (Gra)
3 - Joseph Cramarossa (Pro)
Power Play
Punishers - 1 on 3 Attempt(s) - 33.33%
Griffins - 1 on 1 Attempt(s) - 100.00%
Penalty Kill
Punishers - 0 on 1 Attempt(s) - 0.00%
- Score 0 goal in Penalty Kill
Griffins - 2 on 3 Attempt(s) - 66.67%
- Score 0 goal in Penalty Kill
Team Stat
Punishers - Hits : 20 - Faceoff Wins : 35 - Blocked Shots : 8 - Penalty Minutes : 2
Griffins - Hits : 15 - Faceoff Wins : 30 - Blocked Shots : 21 - Penalty Minutes : 6
Official
Referees : Unknown
Linesman : Unknown
Game Notes
No Game Note
Finance
Level 1 -- Attendance: 1987 (99.35%) -- Ticket Income $69,545
Level 2 -- Attendance: 751 (75.10%) -- Ticket Income $15,020
Total Attendance: 2738 (91.27%)
Total Ticket Income: $84,565
Other Income: $4,228
Total Income: $88,793
Punishers
5 vs 5 Forward
Center Left Wing Right Wing Time % Phy DF OF
1 Zack Hamill Andreas Athanasiou Corey Tropp 40 1 2 2
2 Radek Faksa Tyler Bertuzzi Carter Ashton 30 1 2 2
3 John Quenneville Nikita Gusev Austen Brassard 20 1 2 2
4 Daniel Audette Joseph Cramarossa Michael Joly 10 1 2 2
5 vs 5 Defense
Defense Defense Time % Phy DF OF
1 Madison Bowey Adam Pelech 40 1 2 2
2 Brett Kulak Ben Betker 30 1 2 2
3 Fredrik Claesson Noah Juulsen 20 1 2 2
4 Connor Clifton Niko Mikkola 10 1 2 2
PowerPlay Forward
Center Left Wing Right Wing Time % Phy DF OF
1 Zack Hamill Andreas Athanasiou Corey Tropp 60 1 2 2
2 Radek Faksa Tyler Bertuzzi Carter Ashton 40 1 2 2
PowerPlay Defense
Defense Defense Time % Phy DF OF
1 Madison Bowey Adam Pelech 60 1 2 2
2 Brett Kulak Ben Betker 40 1 2 2
Penalty Kill 4 Players Forward
Center Wing Time % Phy DF OF
1 Zack Hamill Corey Tropp 60 1 2 2
2 Andreas Athanasiou Radek Faksa 40 1 2 2
Penalty Kill 4 Players Defense
Defense Defense Time % Phy DF OF
1 Madison Bowey Adam Pelech 60 1 2 2
2 Brett Kulak Ben Betker 40 1 2 2
Penalty Kill - 3 Players Forward
Forward Time % Phy DF OF
1 Zack Hamill 60 1 2 2
2 Corey Tropp 40 1 2 2
Penalty Kill - 3 Players Defense
Defense Defense Time % Phy DF OF
1 Madison Bowey Adam Pelech 60 1 2 2
2 Brett Kulak Ben Betker 40 1 2 2
4 vs 4 Forward
Center Wing Time % Phy DF OF
1 Zack Hamill Corey Tropp 60 1 2 2
2 Andreas Athanasiou Radek Faksa 40 1 2 2
4 vs 4 Defense
Defense Defense Time % Phy DF OF
1 Madison Bowey Adam Pelech 60 1 2 2
2 Brett Kulak Ben Betker 40 1 2 2
Last Minutes Offensive
Center Left Wing Right Wing Defense Defense
Zack Hamill Andreas Athanasiou Corey Tropp Madison Bowey Adam Pelech
Last Minutes Defensive
Center Left Wing Right Wing Defense Defense
Zack Hamill Andreas Athanasiou Corey Tropp Madison Bowey Adam Pelech
Goaltenders
Starting : Louis Domingue
Backup : Daniel Altshuller
Extra Forwards
Normal : Anton Blidh, Alex Schoenborn, Nicolas Roy - PP : Anton Blidh, Alex Schoenborn - PK : Nicolas Roy
Extra Defensemen
Normal : Fredrik Claesson, Noah Juulsen, Connor Clifton - PP : Fredrik Claesson - PK : Noah Juulsen, Connor Clifton
Penalty Shots
Zack Hamill, Corey Tropp, Andreas Athanasiou, Radek Faksa, Tyler Bertuzzi
Scratches
Elias Lindholm (Healthy)
Griffins
5 vs 5 Forward
Center Left Wing Right Wing Time % Phy DF OF
1 Dylan Larkin Tye McGinn Ben Hanowski 40 0 2 3
2 Riley Armstrong Max Domi Adam Gaudette 30 0 2 3
3 Mathew Barzal Brandon Pirri Danny Kristo 20 0 2 3
4 Rourke Chartier Sonny Milano Brendan Woods 10 0 3 2
5 vs 5 Defense
Defense Defense Time % Phy DF OF
1 Travis Sanheim Simon Despres 35 0 3 2
2 Marcus Pettersson Jordie Benn 35 0 3 2
3 Ryan Pulock Phil Oreskovic 15 0 3 2
4 Ryan Pulock Phil Oreskovic 15 0 3 2
PowerPlay Forward
Center Left Wing Right Wing Time % Phy DF OF
1 Dylan Larkin Tye McGinn Max Domi 60 0 1 4
2 Riley Armstrong Brandon Pirri Adam Gaudette 40 0 1 4
PowerPlay Defense
Defense Defense Time % Phy DF OF
1 Jordie Benn Marcus Pettersson 60 0 2 3
2 Mathew Barzal Travis Sanheim 40 0 2 3
Penalty Kill 4 Players Forward
Center Wing Time % Phy DF OF
1 Danny Kristo Brendan Woods 60 0 4 1
2 Ben Hanowski Tye McGinn 40 0 4 1
Penalty Kill 4 Players Defense
Defense Defense Time % Phy DF OF
1 Jordie Benn Simon Despres 60 1 2 2
2 Phil Oreskovic Ryan Pulock 40 1 2 2
Penalty Kill - 3 Players Forward
Forward Time % Phy DF OF
1 Brendan Woods 60 0 4 1
2 Danny Kristo 40 0 4 1
Penalty Kill - 3 Players Defense
Defense Defense Time % Phy DF OF
1 Jordie Benn Simon Despres 60 1 2 2
2 Phil Oreskovic Ryan Pulock 40 1 2 2
4 vs 4 Forward
Center Wing Time % Phy DF OF
1 Dylan Larkin Tye McGinn 60 0 2 3
2 Max Domi Adam Gaudette 40 0 2 3
4 vs 4 Defense
Defense Defense Time % Phy DF OF
1 Travis Sanheim Simon Despres 60 0 3 2
2 Jordie Benn Marcus Pettersson 40 0 3 2
Last Minutes Offensive
Center Left Wing Right Wing Defense Defense
Dylan Larkin Tye McGinn Max Domi Marcus Pettersson Travis Sanheim
Last Minutes Defensive
Center Left Wing Right Wing Defense Defense
Tye McGinn Brendan Woods Danny Kristo Phil Oreskovic Simon Despres
Goaltenders
Starting : Olivier Roy
Backup : Igor Shesterkin
Extra Forwards
Normal : Dylan Larkin, Max Domi, Mathew Barzal - PP : Sonny Milano, Danny Kristo - PK : Brandon Pirri
Extra Defensemen
Normal : Travis Sanheim, Marcus Pettersson, Phil Oreskovic - PP : Simon Despres - PK : Marcus Pettersson, Travis Sanheim
Penalty Shots
Dylan Larkin, Brandon Pirri, Danny Kristo, Sonny Milano, Ben Hanowski
Scratches
Vladislav Namestnikov (Healthy), Garrett Wilson (Healthy), Mathieu Joseph (Healthy), Troy Terry (Healthy), Tanner Kero (Healthy)
Greg McKegg (Healthy), Nikita Pavlychev (Healthy), Konrad Abeltshauser (Healthy), Dylan DeMelo (Healthy), Tomas Hyka (Healthy)
Ian McCoshen (Healthy), Michael Bunting (Healthy), Ryan Mantha (Healthy), Jack Ramsey (Healthy), Marcus Hogberg (Healthy)
% Time on Ice - Punishers
Lines # - Real PCT - Wanted PCT - Time Play
Normal Forward
1 - 36% - 40% - 19:41
2 - 29% - 30% - 15:41
3 - 21% - 20% - 11:43
4 - 14% - 10% - 7:34
Normal Defense
1 - 41% - 40% - 22:11
2 - 30% - 30% - 16:23
3 - 20% - 20% - 10:54
4 - 9% - 10% - 5:11
PP Forward
1 - 56% - 60% - 2:22
2 - 44% - 40% - 1:53
PP Defense
1 - 66% - 60% - 2:49
2 - 34% - 40% - 1:26
PK Forward
1 - 100% - 60% - 0:03
2 - 0% - 40% - 0:00
PK Defense
1 - 100% - 60% - 0:03
2 - 0% - 40% - 0:00
PK3 Forward
1 - 0% - 60%
2 - 0% - 40%
PK3 Defense
1 - 0% - 60%
2 - 0% - 40%
44 Forward
1 - 0% - 60%
2 - 0% - 40%
44 Defense
1 - 0% - 60%
2 - 0% - 40%
Last Minute Offensive - 0:00
Last Minute Defensive - 1:03
Total
Forward - 60:00
Defense - 60:00
|
% Time on Ice - Griffins
Lines # - Real PCT - Wanted PCT - Time Play
Normal Forward
1 - 37% - 40% - 19:57
2 - 28% - 30% - 15:22
3 - 21% - 20% - 11:31
4 - 14% - 10% - 7:49
Normal Defense
1 - 35% - 35% - 19:01
2 - 35% - 35% - 19:16
3 - 13% - 15% - 7:21
4 - 16% - 15% - 9:01
PP Forward
1 - 100% - 60% - 0:03
2 - 0% - 40% - 0:00
PP Defense
1 - 100% - 60% - 0:03
2 - 0% - 40% - 0:00
PK Forward
1 - 84% - 60% - 3:35
2 - 16% - 40% - 0:40
PK Defense
1 - 63% - 60% - 2:41
2 - 37% - 40% - 1:34
PK3 Forward
1 - 0% - 60%
2 - 0% - 40%
PK3 Defense
1 - 0% - 60%
2 - 0% - 40%
44 Forward
1 - 0% - 60%
2 - 0% - 40%
44 Defense
1 - 0% - 60%
2 - 0% - 40%
Last Minute Offensive - 1:03
Last Minute Defensive - 0:00
Total
Forward - 60:00
Defense - 60:00
|
Play-by-Play
1st period
0:01 of 1st period - Zack Hamill wins face-off versus Dylan Larkin in neutral zone.
0:06 of 1st period - Slapshot by Zack Hamill.
0:06 of 1st period - Stopped by Olivier Roy with a rebound.
0:08 of 1st period - Slapshot by Madison Bowey.
0:08 of 1st period - Shot Misses the Net.
1:19 of 1st period - Snap shot by Nikita Gusev.
1:19 of 1st period - Stopped by Olivier Roy with a rebound.
1:21 of 1st period - Snap shot by Nikita Gusev.
1:21 of 1st period - Shot Misses the Net.
1:23 of 1st period - Slapshot by Brett Kulak.
1:23 of 1st period - Stopped by Olivier Roy without a rebound.
1:24 of 1st period - Zack Hamill wins face-off versus Dylan Larkin in Griffins zone.
1:25 of 1st period - Snap shot by Andreas Athanasiou.
1:25 of 1st period - Stopped by Olivier Roy without a rebound.
1:26 of 1st period - Dylan Larkin wins face-off versus Zack Hamill in Griffins zone.
1:31 of 1st period - Corey Tropp is hit by Ryan Pulock and loses puck.
1:42 of 1st period - Wrist shot by Zack Hamill.
1:42 of 1st period - Shot Blocked by Dylan Larkin.
2:34 of 1st period - Snap shot by Zack Hamill.
2:34 of 1st period - Shot Misses the Net.
2:44 of 1st period - Madison Bowey is hit by Rourke Chartier.
3:36 of 1st period - Slapshot by John Quenneville.
3:36 of 1st period - Stopped by Olivier Roy without a rebound.
3:37 of 1st period - John Quenneville wins face-off versus Mathew Barzal in Griffins zone.
4:00 of 1st period - Slapshot by Ryan Pulock.
4:00 of 1st period - Stopped by Louis Domingue with a rebound.
4:08 of 1st period - Slapshot by Travis Sanheim.
4:08 of 1st period - Deflect By Danny Kristo.
4:08 of 1st period - Stopped by Louis Domingue without a rebound.
4:09 of 1st period - Zack Hamill wins face-off versus Dylan Larkin in Punishers zone.
4:34 of 1st period - Simon Despres is hit by Tyler Bertuzzi and loses puck.
5:41 of 1st period - Slapshot by Ryan Pulock.
5:41 of 1st period - Stopped by Louis Domingue without a rebound.
5:42 of 1st period - Mathew Barzal wins face-off versus Zack Hamill in Punishers zone.
6:52 of 1st period - Snap shot by Michael Joly.
6:52 of 1st period - Shot Blocked by Riley Armstrong.
6:54 of 1st period - Slapshot by Fredrik Claesson.
6:54 of 1st period - Stopped by Olivier Roy with a rebound.
7:15 of 1st period - Wrist shot by Tye McGinn.
7:15 of 1st period - Stopped by Louis Domingue with a rebound.
7:19 of 1st period - Snap shot by Tye McGinn.
7:19 of 1st period - Shot Misses the Net.
7:21 of 1st period - Wrist shot by Phil Oreskovic.
7:21 of 1st period - Deflect By Corey Tropp.
7:21 of 1st period - Stopped by Louis Domingue with a rebound.
7:37 of 1st period - Snap shot by Brandon Pirri.
7:37 of 1st period - Shot Misses the Net.
7:59 of 1st period - Snap shot by Nikita Gusev.
7:59 of 1st period - Stopped by Olivier Roy with a rebound.
8:19 of 1st period - Wrist shot by Max Domi.
8:19 of 1st period - Shot Blocked by Madison Bowey.
8:21 of 1st period - Snap shot by Riley Armstrong.
8:21 of 1st period - Stopped by Louis Domingue without a rebound.
8:22 of 1st period - Dylan Larkin wins face-off versus Radek Faksa in Punishers zone.
8:23 of 1st period - Snap shot by Ben Hanowski.
8:23 of 1st period - Stopped by Louis Domingue with a rebound.
8:31 of 1st period - Slapshot by Radek Faksa.
8:31 of 1st period - Shot Misses the Net.
8:51 of 1st period - Wrist shot by Riley Armstrong.
8:51 of 1st period - Stopped by Louis Domingue with a rebound.
9:22 of 1st period - Wrist shot by Danny Kristo.
9:22 of 1st period - Shot Misses the Net.
9:38 of 1st period - Snap shot by Nikita Gusev.
9:38 of 1st period - Stopped by Olivier Roy with a rebound.
9:54 of 1st period - Snap shot by Sonny Milano.
9:54 of 1st period - Stopped by Louis Domingue without a rebound.
9:55 of 1st period - Zack Hamill wins face-off versus Rourke Chartier in Punishers zone.
9:55 of 1st period - Zack Hamill is hit by Jordie Benn.
11:29 of 1st period - Slapshot by Adam Pelech.
11:29 of 1st period - Stopped by Olivier Roy with a rebound.
11:45 of 1st period - Slapshot by Adam Pelech.
11:45 of 1st period - Deflect By Travis Sanheim.
11:45 of 1st period - Stopped by Olivier Roy with a rebound.
11:47 of 1st period - Slapshot by Tyler Bertuzzi.
11:47 of 1st period - Stopped by Olivier Roy with a rebound.
12:18 of 1st period - Slapshot by Riley Armstrong.
12:18 of 1st period - Goal by Riley Armstrong - Punishers : 0 - Griffins : 1.
12:19 of 1st period - Zack Hamill wins face-off versus Dylan Larkin in neutral zone.
12:22 of 1st period - Ben Hanowski is hit by Andreas Athanasiou and loses puck.
12:46 of 1st period - Adam Gaudette is hit by Radek Faksa and loses puck.
12:53 of 1st period - Snap shot by Radek Faksa.
12:53 of 1st period - Shot Blocked by Marcus Pettersson.
12:55 of 1st period - Wrist shot by Carter Ashton.
12:55 of 1st period - Shot Blocked by Adam Gaudette.
12:57 of 1st period - Slapshot by Brett Kulak.
12:57 of 1st period - Shot Misses the Net.
12:59 of 1st period - Wrist shot by Radek Faksa.
12:59 of 1st period - Goal by Radek Faksa - Punishers : 1 - Griffins : 1.
13:00 of 1st period - Zack Hamill wins face-off versus Dylan Larkin in neutral zone.
13:03 of 1st period - Wrist shot by Andreas Athanasiou.
13:03 of 1st period - Stopped by Olivier Roy with a rebound.
13:05 of 1st period - Snap shot by Adam Pelech.
13:05 of 1st period - Shot Misses the Net.
13:25 of 1st period - Dylan Larkin is hit by Nikita Gusev and loses puck.
13:32 of 1st period - Snap shot by Nikita Gusev.
13:32 of 1st period - Stopped by Olivier Roy with a rebound.
14:13 of 1st period - Snap shot by Zack Hamill.
14:13 of 1st period - Goal by Zack Hamill - Punishers : 2 - Griffins : 1.
14:14 of 1st period - Zack Hamill wins face-off versus Riley Armstrong in neutral zone.
14:53 of 1st period - Wrist shot by Dylan Larkin.
14:53 of 1st period - Stopped by Louis Domingue without a rebound.
14:54 of 1st period - Mathew Barzal wins face-off versus Zack Hamill in Punishers zone.
15:15 of 1st period - Minor Penalty to Danny Kristo for Roughing.
15:16 of 1st period - Zack Hamill wins face-off versus Brandon Pirri in Griffins zone.
15:17 of 1st period - Wrist shot by Corey Tropp.
15:17 of 1st period - Stopped by Olivier Roy with a rebound.
15:19 of 1st period - Snap shot by Corey Tropp.
15:19 of 1st period - Deflect By Andreas Athanasiou.
15:19 of 1st period - Shot Blocked by Simon Despres.
15:19 of 1st period - Puck is out of play.
15:20 of 1st period - Zack Hamill wins face-off versus Brandon Pirri in Griffins zone.
15:23 of 1st period - Backhand shot by Zack Hamill.
15:23 of 1st period - Shot Misses the Net.
15:25 of 1st period - Wrist shot by Corey Tropp.
15:25 of 1st period - Shot Misses the Net.
16:35 of 1st period - Ryan Pulock is hit by Tyler Bertuzzi and loses puck.
16:58 of 1st period - Carter Ashton is hit by Tye McGinn and loses puck.
17:15 of 1st period - Penalty to Danny Kristo is over, Danny Kristo is back on ice.
17:45 of 1st period - Wrist shot by Michael Joly.
17:45 of 1st period - Stopped by Olivier Roy without a rebound.
17:46 of 1st period - Dylan Larkin wins face-off versus Michael Joly in Griffins zone.
18:11 of 1st period - Connor Clifton is hit by Brandon Pirri.
19:12 of 1st period - Snap shot by Carter Ashton.
19:12 of 1st period - Shot Blocked by Ben Hanowski.
19:14 of 1st period - Snap shot by Austen Brassard.
19:14 of 1st period - Stopped by Olivier Roy with a rebound.
19:29 of 1st period - Icing by Ryan Pulock.
19:30 of 1st period - Zack Hamill wins face-off versus Ben Hanowski in Griffins zone.
Goals for this period are 2 for Punishers vs 1 for Griffins.
Shots for this period are 18 for Punishers vs 11 for Griffins.
2nd period
0:01 of 2nd period - Zack Hamill wins face-off versus Dylan Larkin in neutral zone.
0:04 of 2nd period - Snap shot by Andreas Athanasiou.
0:04 of 2nd period - Shot Misses the Net.
0:38 of 2nd period - Snap shot by Tyler Bertuzzi.
0:38 of 2nd period - Deflect By Adam Gaudette.
0:38 of 2nd period - Shot Blocked by Max Domi.
0:38 of 2nd period - Puck is out of play.
0:39 of 2nd period - Radek Faksa wins face-off versus Riley Armstrong in Griffins zone.
0:44 of 2nd period - Wrist shot by Tyler Bertuzzi.
0:44 of 2nd period - Stopped by Olivier Roy without a rebound.
0:45 of 2nd period - Tyler Bertuzzi wins face-off versus Dylan Larkin in Griffins zone.
0:46 of 2nd period - Snap shot by Radek Faksa.
0:46 of 2nd period - Stopped by Olivier Roy without a rebound.
0:47 of 2nd period - Dylan Larkin wins face-off versus Radek Faksa in Griffins zone.
1:00 of 2nd period - Wrist shot by Dylan Larkin.
1:00 of 2nd period - Shot Blocked by Ben Betker.
1:02 of 2nd period - Snap shot by Dylan Larkin.
1:02 of 2nd period - Shot Misses the Net.
1:16 of 2nd period - Snap shot by Andreas Athanasiou.
1:16 of 2nd period - Shot Misses the Net.
2:43 of 2nd period - Riley Armstrong is hit by Radek Faksa and loses puck.
3:10 of 2nd period - John Quenneville is hit by Danny Kristo and loses puck.
3:23 of 2nd period - Brett Kulak is hit by Sonny Milano.
3:51 of 2nd period - Slapshot by Tye McGinn.
3:51 of 2nd period - Goal by Tye McGinn - Punishers : 2 - Griffins : 2.
3:52 of 2nd period - Dylan Larkin wins face-off versus Zack Hamill in neutral zone.
3:58 of 2nd period - Minor Penalty to Andreas Athanasiou for Slashing.
3:59 of 2nd period - Dylan Larkin wins face-off versus Zack Hamill in Punishers zone.
4:01 of 2nd period - Wrist shot by Dylan Larkin.
4:01 of 2nd period - Deflect By Zack Hamill.
4:01 of 2nd period - Goal by Dylan Larkin - Punishers : 2 - Griffins : 3.
4:02 of 2nd period - Zack Hamill wins face-off versus Dylan Larkin in neutral zone.
4:29 of 2nd period - Riley Armstrong is hit by Radek Faksa and loses puck.
5:48 of 2nd period - Slapshot by Tye McGinn.
5:48 of 2nd period - Stopped by Louis Domingue with a rebound.
5:58 of 2nd period - Max Domi is hit by Madison Bowey and loses puck.
6:21 of 2nd period - Wrist shot by Nikita Gusev.
6:21 of 2nd period - Shot Misses the Net.
6:27 of 2nd period - Snap shot by John Quenneville.
6:27 of 2nd period - Stopped by Olivier Roy with a rebound.
6:29 of 2nd period - Wrist shot by Adam Pelech.
6:29 of 2nd period - Stopped by Olivier Roy without a rebound.
6:30 of 2nd period - Zack Hamill wins face-off versus Dylan Larkin in Griffins zone.
7:04 of 2nd period - Snap shot by Tyler Bertuzzi.
7:04 of 2nd period - Shot Misses the Net.
7:06 of 2nd period - Snap shot by Radek Faksa.
7:06 of 2nd period - Shot Misses the Net.
7:08 of 2nd period - Slapshot by Tyler Bertuzzi.
7:08 of 2nd period - Goal by Tyler Bertuzzi - Punishers : 3 - Griffins : 3.
7:09 of 2nd period - Dylan Larkin wins face-off versus Zack Hamill in neutral zone.
7:36 of 2nd period - Off-side.
7:37 of 2nd period - Radek Faksa wins face-off versus Riley Armstrong in neutral zone.
7:43 of 2nd period - Icing by Riley Armstrong.
7:44 of 2nd period - Riley Armstrong wins face-off versus Zack Hamill in Griffins zone.
7:54 of 2nd period - Off-side.
7:55 of 2nd period - Dylan Larkin wins face-off versus Zack Hamill in neutral zone.
8:09 of 2nd period - Snap shot by Dylan Larkin.
8:09 of 2nd period - Stopped by Louis Domingue without a rebound.
8:10 of 2nd period - Riley Armstrong wins face-off versus Radek Faksa in Punishers zone.
8:35 of 2nd period - Ben Hanowski is hit by Corey Tropp and loses puck.
9:00 of 2nd period - Snap shot by Michael Joly.
9:00 of 2nd period - Goal by Michael Joly - Punishers : 4 - Griffins : 3.
9:01 of 2nd period - Zack Hamill wins face-off versus Dylan Larkin in neutral zone.
9:16 of 2nd period - Snap shot by Tye McGinn.
9:16 of 2nd period - Shot Misses the Net.
9:32 of 2nd period - Max Domi is hit by Adam Pelech and loses puck.
10:11 of 2nd period - Slapshot by Simon Despres.
10:11 of 2nd period - Stopped by Louis Domingue without a rebound.
10:12 of 2nd period - Brendan Woods wins face-off versus Daniel Audette in Punishers zone.
10:23 of 2nd period - Wrist shot by Joseph Cramarossa.
10:23 of 2nd period - Stopped by Olivier Roy with a rebound.
10:25 of 2nd period - Backhand shot by Brett Kulak.
10:25 of 2nd period - Shot Blocked by Marcus Pettersson.
10:27 of 2nd period - Slapshot by Ben Betker.
10:27 of 2nd period - Stopped by Olivier Roy with a rebound.
10:39 of 2nd period - Wrist shot by Joseph Cramarossa.
10:39 of 2nd period - Shot Misses the Net.
10:41 of 2nd period - Slapshot by Michael Joly.
10:41 of 2nd period - Stopped by Olivier Roy with a rebound.
10:43 of 2nd period - Snap shot by Michael Joly.
10:43 of 2nd period - Stopped by Olivier Roy without a rebound.
10:44 of 2nd period - Dylan Larkin wins face-off versus Zack Hamill in Griffins zone.
11:40 of 2nd period - Slapshot by Riley Armstrong.
11:40 of 2nd period - Stopped by Louis Domingue with a rebound.
11:42 of 2nd period - Snap shot by Max Domi.
11:42 of 2nd period - Stopped by Louis Domingue with a rebound.
11:44 of 2nd period - Snap shot by Marcus Pettersson.
11:44 of 2nd period - Deflect By Riley Armstrong.
11:44 of 2nd period - Goal by Riley Armstrong - Punishers : 4 - Griffins : 4.
11:45 of 2nd period - Dylan Larkin wins face-off versus Radek Faksa in neutral zone.
11:58 of 2nd period - Snap shot by Tye McGinn.
11:58 of 2nd period - Shot Misses the Net.
12:17 of 2nd period - Travis Sanheim is hit by John Quenneville and loses puck.
12:34 of 2nd period - Andreas Athanasiou is hit by Travis Sanheim and loses puck.
12:47 of 2nd period - Wrist shot by Danny Kristo.
12:47 of 2nd period - Goal by Danny Kristo - Punishers : 4 - Griffins : 5.
12:48 of 2nd period - Dylan Larkin wins face-off versus Zack Hamill in neutral zone.
13:03 of 2nd period - Snap shot by Adam Pelech.
13:03 of 2nd period - Shot Blocked by Dylan Larkin.
13:13 of 2nd period - Dylan Larkin is hit by Austen Brassard and loses puck.
13:42 of 2nd period - Snap shot by Ben Hanowski.
13:42 of 2nd period - Stopped by Louis Domingue without a rebound.
13:43 of 2nd period - Riley Armstrong wins face-off versus Zack Hamill in Punishers zone.
13:43 of 2nd period - Riley Armstrong is hit by Zack Hamill.
13:47 of 2nd period - Wrist shot by Riley Armstrong.
13:47 of 2nd period - Stopped by Louis Domingue without a rebound.
13:48 of 2nd period - Zack Hamill wins face-off versus Riley Armstrong in Punishers zone.
13:55 of 2nd period - Backhand shot by Brett Kulak.
13:55 of 2nd period - Shot Blocked by Riley Armstrong.
13:57 of 2nd period - Slapshot by Brett Kulak.
13:57 of 2nd period - Stopped by Olivier Roy with a rebound.
13:59 of 2nd period - Slapshot by Ben Betker.
13:59 of 2nd period - Shot Misses the Net.
14:41 of 2nd period - Snap shot by Nikita Gusev.
14:41 of 2nd period - Stopped by Olivier Roy with a rebound.
14:43 of 2nd period - Slapshot by Fredrik Claesson.
14:43 of 2nd period - Stopped by Olivier Roy with a rebound.
14:45 of 2nd period - Snap shot by John Quenneville.
14:45 of 2nd period - Deflect By Austen Brassard.
14:45 of 2nd period - Shot Misses the Net.
14:45 of 2nd period - Puck is out of play.
14:46 of 2nd period - Zack Hamill wins face-off versus Dylan Larkin in Griffins zone.
15:55 of 2nd period - Daniel Audette is hit by Travis Sanheim and loses puck.
16:00 of 2nd period - Snap shot by Rourke Chartier.
16:00 of 2nd period - Shot Blocked by Brett Kulak.
16:02 of 2nd period - Slapshot by Travis Sanheim.
16:02 of 2nd period - Stopped by Louis Domingue without a rebound.
16:03 of 2nd period - Zack Hamill wins face-off versus Dylan Larkin in Punishers zone.
16:33 of 2nd period - Fredrik Claesson is hit by Max Domi and loses puck.
17:14 of 2nd period - Backhand shot by Sonny Milano.
17:14 of 2nd period - Shot Misses the Net.
17:16 of 2nd period - Slapshot by Ryan Pulock.
17:16 of 2nd period - Stopped by Louis Domingue without a rebound.
17:17 of 2nd period - Dylan Larkin wins face-off versus Zack Hamill in Punishers zone.
17:22 of 2nd period - Slapshot by Dylan Larkin.
17:22 of 2nd period - Shot Blocked by Andreas Athanasiou.
17:44 of 2nd period - Radek Faksa is hit by Max Domi and loses puck.
18:03 of 2nd period - Ben Betker is hit by Marcus Pettersson and loses puck.
18:30 of 2nd period - Slapshot by Danny Kristo.
18:30 of 2nd period - Shot Blocked by Brett Kulak.
18:56 of 2nd period - Snap shot by Dylan Larkin.
18:56 of 2nd period - Shot Misses the Net.
Goals for this period are 2 for Punishers vs 4 for Griffins.
Shots for this period are 13 for Punishers vs 13 for Griffins.
3rd period
0:01 of 3rd period - Dylan Larkin wins face-off versus Corey Tropp in neutral zone.
0:06 of 3rd period - Snap shot by Ben Hanowski.
0:06 of 3rd period - Shot Misses the Net.
0:08 of 3rd period - Slapshot by Tye McGinn.
0:08 of 3rd period - Stopped by Louis Domingue with a rebound.
0:10 of 3rd period - Snap shot by Jordie Benn.
0:10 of 3rd period - Stopped by Louis Domingue with a rebound.
0:27 of 3rd period - Adam Gaudette is hit by Carter Ashton and loses puck.
0:32 of 3rd period - Wrist shot by Carter Ashton.
0:32 of 3rd period - Stopped by Olivier Roy with a rebound.
0:34 of 3rd period - Slapshot by Noah Juulsen.
0:34 of 3rd period - Shot Blocked by Max Domi.
0:36 of 3rd period - Snap shot by Noah Juulsen.
0:36 of 3rd period - Shot Blocked by Marcus Pettersson.
0:38 of 3rd period - Slapshot by Noah Juulsen.
0:38 of 3rd period - Shot Blocked by Max Domi.
0:44 of 3rd period - Minor Penalty to Riley Armstrong for Hooking.
0:45 of 3rd period - Danny Kristo wins face-off versus Zack Hamill in Griffins zone.
0:45 of 3rd period - Danny Kristo is hit by Corey Tropp.
1:01 of 3rd period - Slapshot by Adam Pelech.
1:01 of 3rd period - Goal by Adam Pelech - Punishers : 5 - Griffins : 5.
1:02 of 3rd period - Dylan Larkin wins face-off versus Zack Hamill in neutral zone.
1:05 of 3rd period - Snap shot by Ben Hanowski.
1:05 of 3rd period - Shot Misses the Net.
2:52 of 3rd period - Wrist shot by Tye McGinn.
2:52 of 3rd period - Stopped by Louis Domingue without a rebound.
2:53 of 3rd period - Radek Faksa wins face-off versus Riley Armstrong in Punishers zone.
4:08 of 3rd period - Wrist shot by Max Domi.
4:08 of 3rd period - Shot Blocked by Madison Bowey.
4:10 of 3rd period - Wrist shot by Riley Armstrong.
4:10 of 3rd period - Shot Blocked by Radek Faksa.
4:12 of 3rd period - Wrist shot by Riley Armstrong.
4:12 of 3rd period - Shot Misses the Net.
4:37 of 3rd period - Off-side.
4:38 of 3rd period - Dylan Larkin wins face-off versus Zack Hamill in neutral zone.
4:41 of 3rd period - Wrist shot by Ben Hanowski.
4:41 of 3rd period - Shot Misses the Net.
4:49 of 3rd period - Snap shot by Tye McGinn.
4:49 of 3rd period - Shot Misses the Net.
5:05 of 3rd period - Brandon Pirri is hit by Austen Brassard and loses puck.
5:10 of 3rd period - Snap shot by Nikita Gusev.
5:10 of 3rd period - Goal by Nikita Gusev - Punishers : 6 - Griffins : 5.
5:11 of 3rd period - Zack Hamill wins face-off versus Dylan Larkin in neutral zone.
5:13 of 3rd period - Off-side.
5:14 of 3rd period - Zack Hamill wins face-off versus Dylan Larkin in neutral zone.
5:28 of 3rd period - Off-side.
5:29 of 3rd period - Mathew Barzal wins face-off versus John Quenneville in neutral zone.
5:32 of 3rd period - Snap shot by Marcus Pettersson.
5:32 of 3rd period - Stopped by Louis Domingue with a rebound.
5:51 of 3rd period - Icing by John Quenneville.
5:52 of 3rd period - Dylan Larkin wins face-off versus Zack Hamill in Punishers zone.
5:59 of 3rd period - Slapshot by Dylan Larkin.
5:59 of 3rd period - Stopped by Louis Domingue with a rebound.
6:01 of 3rd period - Slapshot by Ryan Pulock.
6:01 of 3rd period - Deflect By Tye McGinn.
6:01 of 3rd period - Stopped by Louis Domingue without a rebound.
6:02 of 3rd period - Zack Hamill wins face-off versus Dylan Larkin in Punishers zone.
6:55 of 3rd period - Wrist shot by Nikita Gusev.
6:55 of 3rd period - Stopped by Olivier Roy with a rebound.
6:57 of 3rd period - Slapshot by Brett Kulak.
6:57 of 3rd period - Deflect By Nikita Gusev.
6:57 of 3rd period - Stopped by Olivier Roy without a rebound.
6:58 of 3rd period - John Quenneville wins face-off versus Dylan Larkin in Griffins zone.
7:13 of 3rd period - Snap shot by Tye McGinn.
7:13 of 3rd period - Shot Blocked by Adam Pelech.
7:23 of 3rd period - Adam Gaudette is hit by Corey Tropp and loses puck.
7:53 of 3rd period - Wrist shot by Danny Kristo.
7:53 of 3rd period - Stopped by Louis Domingue with a rebound.
8:17 of 3rd period - Wrist shot by Joseph Cramarossa.
8:17 of 3rd period - Goal by Joseph Cramarossa - Punishers : 7 - Griffins : 5.
8:18 of 3rd period - Corey Tropp wins face-off versus Dylan Larkin in neutral zone.
8:21 of 3rd period - Snap shot by Zack Hamill.
8:21 of 3rd period - Stopped by Olivier Roy without a rebound.
8:22 of 3rd period - Zack Hamill wins face-off versus Dylan Larkin in Griffins zone.
8:25 of 3rd period - Snap shot by Corey Tropp.
8:25 of 3rd period - Stopped by Olivier Roy without a rebound.
8:26 of 3rd period - Zack Hamill wins face-off versus Dylan Larkin in Griffins zone.
8:29 of 3rd period - Wrist shot by Zack Hamill.
8:29 of 3rd period - Shot Blocked by Travis Sanheim.
9:00 of 3rd period - Wrist shot by Carter Ashton.
9:00 of 3rd period - Stopped by Olivier Roy without a rebound.
9:01 of 3rd period - Max Domi wins face-off versus Zack Hamill in Griffins zone.
9:03 of 3rd period - Minor Penalty to Riley Armstrong for Holding Stick.
9:04 of 3rd period - Danny Kristo wins face-off versus Zack Hamill in Griffins zone.
9:14 of 3rd period - Wrist shot by Corey Tropp.
9:14 of 3rd period - Shot Blocked by Jordie Benn.
9:16 of 3rd period - Slapshot by Zack Hamill.
9:16 of 3rd period - Shot Misses the Net.
9:18 of 3rd period - Wrist shot by Corey Tropp.
9:18 of 3rd period - Stopped by Olivier Roy with a rebound.
9:47 of 3rd period - Ben Hanowski is hit by Tyler Bertuzzi and loses puck.
10:14 of 3rd period - Slapshot by Adam Pelech.
10:14 of 3rd period - Shot Misses the Net.
10:16 of 3rd period - Wrist shot by Adam Pelech.
10:16 of 3rd period - Deflect By Phil Oreskovic.
10:16 of 3rd period - Stopped by Olivier Roy without a rebound.
10:17 of 3rd period - Zack Hamill wins face-off versus Danny Kristo in Griffins zone.
10:26 of 3rd period - Snap shot by Andreas Athanasiou.
10:26 of 3rd period - Shot Blocked by Simon Despres.
11:03 of 3rd period - Penalty to Riley Armstrong is over, Riley Armstrong is back on ice.
11:15 of 3rd period - Phil Oreskovic is hit by Radek Faksa and loses puck.
11:44 of 3rd period - Noah Juulsen is hit by Dylan Larkin.
11:48 of 3rd period - Slapshot by Joseph Cramarossa.
11:48 of 3rd period - Shot Misses the Net.
11:50 of 3rd period - Snap shot by Noah Juulsen.
11:50 of 3rd period - Shot Misses the Net.
11:52 of 3rd period - Slapshot by Noah Juulsen.
11:52 of 3rd period - Deflect By Joseph Cramarossa.
11:52 of 3rd period - Shot Blocked by Rourke Chartier.
11:52 of 3rd period - Puck is out of play.
11:53 of 3rd period - Daniel Audette wins face-off versus Rourke Chartier in Griffins zone.
12:11 of 3rd period - Icing by Michael Joly.
12:12 of 3rd period - Daniel Audette wins face-off versus Mathew Barzal in Punishers zone.
12:17 of 3rd period - Snap shot by Andreas Athanasiou.
12:17 of 3rd period - Shot Misses the Net.
12:19 of 3rd period - Slapshot by Adam Pelech.
12:19 of 3rd period - Shot Blocked by Mathew Barzal.
12:39 of 3rd period - Snap shot by Carter Ashton.
12:39 of 3rd period - Shot Blocked by Tye McGinn.
12:47 of 3rd period - Backhand shot by Carter Ashton.
12:47 of 3rd period - Shot Blocked by Travis Sanheim.
13:01 of 3rd period - Wrist shot by Riley Armstrong.
13:01 of 3rd period - Shot Misses the Net.
13:27 of 3rd period - Slapshot by Danny Kristo.
13:27 of 3rd period - Shot Misses the Net.
13:29 of 3rd period - Wrist shot by Mathew Barzal.
13:29 of 3rd period - Stopped by Louis Domingue without a rebound.
13:30 of 3rd period - Zack Hamill wins face-off versus Dylan Larkin in Punishers zone.
13:36 of 3rd period - Off-side.
13:37 of 3rd period - Zack Hamill wins face-off versus Dylan Larkin in neutral zone.
14:10 of 3rd period - Wrist shot by Danny Kristo.
14:10 of 3rd period - Stopped by Louis Domingue with a rebound.
14:12 of 3rd period - Snap shot by Mathew Barzal.
14:12 of 3rd period - Goal by Mathew Barzal - Punishers : 7 - Griffins : 6.
14:13 of 3rd period - Dylan Larkin wins face-off versus Radek Faksa in neutral zone.
14:16 of 3rd period - Slapshot by Dylan Larkin.
14:16 of 3rd period - Goal by Dylan Larkin - Punishers : 7 - Griffins : 7.
14:17 of 3rd period - Dylan Larkin wins face-off versus Zack Hamill in neutral zone.
16:00 of 3rd period - Madison Bowey is hit by Dylan Larkin and loses puck.
16:28 of 3rd period - Icing by Dylan Larkin.
16:29 of 3rd period - Dylan Larkin wins face-off versus Austen Brassard in Griffins zone.
16:43 of 3rd period - Ryan Pulock is hit by Fredrik Claesson and loses puck.
17:40 of 3rd period - Snap shot by Sonny Milano.
17:40 of 3rd period - Stopped by Louis Domingue with a rebound.
17:46 of 3rd period - Tyler Bertuzzi is hit by Sonny Milano and loses puck.
18:05 of 3rd period - Snap shot by Zack Hamill.
18:05 of 3rd period - Deflect By Corey Tropp.
18:05 of 3rd period - Stopped by Olivier Roy without a rebound.
18:06 of 3rd period - Mathew Barzal wins face-off versus Zack Hamill in Griffins zone.
18:42 of 3rd period - Snap shot by Nikita Gusev.
18:42 of 3rd period - Stopped by Olivier Roy with a rebound.
18:54 of 3rd period - Snap shot by Tyler Bertuzzi.
18:54 of 3rd period - Shot Blocked by Dylan Larkin.
18:56 of 3rd period - Wrist shot by Radek Faksa.
18:56 of 3rd period - Goal by Radek Faksa - Punishers : 8 - Griffins : 7.
18:57 of 3rd period - Zack Hamill wins face-off versus Dylan Larkin in neutral zone.
19:36 of 3rd period - Griffins, Olivier Roy is pulled from the net.
Goals for this period are 4 for Punishers vs 2 for Griffins.
Shots for this period are 14 for Punishers vs 12 for Griffins.